 Dungeon Crawl Stone Soup version 0.21-a0-507-ga8f6b7a (webtiles) character file.

220122 kae the Brawler (level 18, -41/185 HPs)
             Began as a Troll Monk on Nov 27, 2017.
             Was the Champion of Wu Jian.
             Annihilated by a merfolk impaler
             ... wielding a +7 trident of freezing
              (65 damage)
             ... on level 4 of the Shoals.
             The game lasted 01:05:05 (32681 turns).

kae the Brawler (Troll Monk)                       Turns: 32681, Time: 01:05:06

Health: -41/185    AC: 15    Str: 23    XL:     18   Next: 46%
Magic:  21/21      EV: 19    Int:  5    God:    Wu Jian [******]
Gold:   2692       SH:  0    Dex: 21    Spells: 17/17 levels left

rFire    . . .     SeeInvis .     - Unarmed
rCold    . . .     Gourm    +   U - +0 shield {reflect}
rNeg     + . .     Faith    .   s - +0 troll leather armour
rPois    +         Spirit   .   I - +1 hat
rElec    .         Reflect  +   h - +2 ratskin cloak {+Rats rPois rN+ Str-1 Int-1 Dex+1}
rCorr    +         Harm     .   (gloves unavailable)
MR       +....                  (boots unavailable)
Stlth    ++........             A - amulet of regeneration
HPRegen  1.60/turn              v - ring of resist corrosion
MPRegen  0.17/turn              n - +3 ring of protection

@: sleeping, afraid
A: large, unfitting armour, antennae 1, claws 3, agile 1, fast metabolism 3,
gourmand, regeneration 1, shaggy fur 1, tough skin 2
}: 1/15 runes: gossamer
a: Serpent's Lash, Heavenly Storm, Renounce Religion, Evoke Ratskin


You were on level 4 of the Shoals.
You worshipped Wu Jian.
Wu Jian was exalted by your worship.
You were very full.

You visited 5 branches of the dungeon, and saw 31 of its levels.
You also visited: Ossuary.

You collected 3032 gold pieces.
You spent 340 gold pieces at shops.

Inventory:

Armour
 a - a scarf of spirit shield
 h - the +2 ratskin cloak (worn) {+Rats rPois rN+ Str-1 Int-1 Dex+1}
   (You found it on level 4 of the Dungeon)

   It affects your strength (-1).
   It affects your intelligence (-1).
   It affects your dexterity (+1).
   It protects you from poison.
   It protects you from negative energy.
 s - a +0 troll leather armour (worn)
 I - a +1 hat (worn)
 U - a +0 shield of reflection (worn)
Jewellery
 i - an uncursed ring of flight
 n - a +3 ring of protection (right claw)
 o - the ring of Uskayaw's Approval {MP+9 Int+2, unknown}
   (You took it off a merfolk on level 4 of the Shoals)

   [ring of magical power]

   It affects your intelligence (+2).
   It affects your magic capacity (+9).
 r - a +6 ring of intelligence
 v - a ring of resist corrosion (left claw)
 A - an amulet of regeneration (around neck)
 N - an uncursed ring of protection from fire
 P - an uncursed ring of poison resistance
Wands
 w - a wand of iceblast (7)
 y - a wand of enslavement (17)
 K - a wand of polymorph (6)
 L - a wand of disintegration (5)
 O - a wand of paralysis (18)
 R - a wand of digging (6)
 S - a wand of acid (13)
Scrolls
 f - 19 scrolls of remove curse
 g - 6 scrolls of amnesia
 q - 8 scrolls of teleportation
 E - 3 scrolls of magic mapping
 F - 18 scrolls of identify
 J - 3 scrolls of enchant armour
 M - 6 scrolls of fog
 T - 4 scrolls of fear
 W - a scroll of enchant weapon
 Y - 2 scrolls of blinking
 Z - a scroll of vulnerability
Potions
 c - 6 potions of invisibility
 d - 12 potions of curing
 e - 5 potions of haste
 j - 4 potions of flight
 k - 3 potions of might
 m - a potion of magic
 p - 6 potions of brilliance
 t - 2 potions of berserk rage
 u - 6 potions of heal wounds
 x - 3 potions of resistance
 B - 2 potions of cancellation
 C - a potion of agility
 D - 5 potions of lignification
 G - 3 potions of ambrosia
Comestibles
 b - 20 bread rations
 l - 11 meat rations
 z - 36 fruits
 H - 25 royal jellies


   Skills:
 + Level 13.2 Fighting
 + Level 6.6 Armour
 + Level 13.2 Dodging
 - Level 1.0 Stealth
 * Level 3.6 Shields
 * Level 20.9 Unarmed Combat
 + Level 6.0 Evocations


You had 17 spell levels left.
You didn't know any spells.

Dungeon Overview and Level Annotations

Branches:
Dungeon (15/15)            Temple (0/1) D:5            Lair (6/6) D:9
 Shoals (4/4) Lair:2       Spider (4/4) Lair:4        Slime (0/5) Lair:6
    Orc (2/2) D:10            Elf (0/3) Orc:2        Vaults (0/5) D:13
 Depths (0/5) D:15

Altars:
Ashenzari
Cheibriados
Dithmenos
Elyvilon
Fedhas
Gozag
Makhleb
Nemelex Xobeh
Wu Jian
Xom
Zin
Jiyva

Shops:
D:4 ?   D:5 [   D:8 ?   D:9 !   D:10 }   D:11 [   Orc:1 *   Orc:2 (??*?

Portals:
Trove: D:14 (give 11 potions of heal wounds)

Annotations:
D:11 exclusions: 3 doors and downstairs
D:12 exclusion: upstairs
Lair:3 exclusion: hydra
Shoals:4 Roxanne


Innate Abilities, Weirdness & Mutations

You are too large for most types of armour.
You have claws for hands.
Your metabolism is lightning-fast.
You like to eat raw meat.
Your natural rate of healing is unusually fast.
You are covered in fur. (AC +1)
You have very tough skin. (AC +2)
You have a pair of small antennae on your head.
You are agile. (Dex +2)


Message History

You barely miss the merfolk impaler.
The merfolk impaler is almost dead.
You barely miss the merfolk impaler.
The merfolk impaler is almost dead.
The merfolk impaler misses you. You block the satyr's attack.
You spin and attack the merfolk impaler repeatedly.
You scratch the merfolk impaler but do no damage.
The merfolk impaler is almost dead.
You closely miss the merfolk impaler.
The merfolk impaler is almost dead.
You block the merfolk impaler's attack.
The satyr hits you from afar with an uncursed spear!
* * * LOW HITPOINT WARNING * * *
The merfolk impaler barely misses you.
There is a stone staircase leading up, spattered with blood here.
The satyr plays a lulling melody on his pipes!
You fall asleep.
The merfolk impaler closely misses you.
The merfolk impaler hits you with a trident of freezing!!!
You die...

...≈#≈≈#≈#≈≈##.......≈≈≈≈≈≈≈≈..##
....#≈≈≈≈≈≈.##........≈≈≈)≈(≈..≈#
...###≈##≈..##.........≈≈≈≈≈.....
.....#######(.........≈≈≈≈≈≈)....
.....≈≈#≈.##.....P.P..≈≈≈≈≈≈≈....
≈≈.PP.≈.....!...PPPP..≈≈≈≈≈≈.....
....P..PP.P.≈≈≈..PPP..≈≈≈≈.......
...PPP..PP(P≈≈.m..P.≈≈≈≈..#......
....P..P....P.c.@...≈≈≈.≈..#.....
P...P.PP.PP.P.P##P.(..≈≈≈≈≈......
..........HPP.###...≈≈≈≈≈≈≈≈≈....
..≈≈≈.P..P≈≈..###.≈≈≈≈≈≈≈≈≈≈.....
..≈≈≈..≈≈≈≈P......≈≈≈≈≈≈≈≈≈......
.≈≈≈≈P.≈≈≈≈≈≈≈..≈≈≈≈≈≈(≈≈≈≈......
.≈≈≈≈≈≈≈≈≈≈≈≈≈≈≈≈≈≈≈≈≈≈≈.≈......≈
,,,≈≈≈≈≈≈≈≈≈≈≈≈≈≈≈≈≈≈≈≈.........≈
,,,≈≈≈≈≈≈≈≈≈≈≈≈≈≈≈≈............≈≈


You could see a merfolk impaler, a satyr and a manticore.

Vanquished Creatures
  Arachne (Spider:4)
  Nikola (Spider:4)
  Frances (Spider:1)
  Agnes (Spider:1)
  Gastronok (Lair:1)
  A kraken (Shoals:3)
  Donald (Shoals:2)
  Ilsuiw (Shoals:4)
  3 emperor scorpions
  An orc warlord (Orc:1)
  3 ghost moths (Spider:4)
  A stone giant (Orc:2)
  2 entropy weavers (Spider:4)
  Azrael (D:12)
  A dire elephant (D:15)
  The ghost of darxusza the Fighter, a journeyman MiBe of Trog (D:12)
  4 merfolk javelineers (Shoals:4)
  4 spark wasps
  A great orb of eyes (D:15)
  The ghost of darxusza the Fighter, a journeyman MiBe of Trog (D:9)
  5 merfolk impalers
  Josephine (Lair:6)
  4 vault guards (D:13)
  5 merfolk avatars
  5 hydras
  4 centaur warriors
  An alligator snapping turtle (Shoals:4)
  3 catoblepae (Lair:6)
  3 two-headed ogres (D:8)
  4 merfolk aquamancers
  2 satyrs
  4 orc high priests (Orc:2)
  9 death yaks (Lair:6)
  12 sea snakes
  An unseen horror (D:10)
  A wizard (D:15)
  3 orc knights
  A harpy (Shoals:4)
  23 wolf spiders
  4 oklob plants (Lair:5)
  2 fauns (Shoals:3)
  17 orb spiders
  3 orc sorcerers
  A deep elf mage (D:15)
  19 manticores
  6 cyclopes
  A moth of wrath (Spider:4)
  10 merfolk sirens
  5 elephants (Lair:6)
  A naga mage (D:15)
  2 black mambas
  3 water nymphs (Shoals:4)
  10 spiny frogs
  5 gargoyles
  Psyche (D:10)
  A kobold demonologist (D:12)
  3 rime drakes
  A freezing wraith (D:14)
  4 komodo dragons
  9 demonic crawlers
  20 jumping spiders
  A queen bee (Lair:5)
  9 trolls
  2 harpy zombies (Shoals:1)
  19 merfolk
  A polar bear (Lair:4)
  Prince Ribbit (D:7)
  9 meliai
  6 hornets
  A harpy skeleton (D:15)
  3 wind drakes
  22 blink frogs
  9 dream sheep
  16 hippogriffs
  10 slime creatures
  6 snapping turtles
  54 redbacks
  45 yaks
  2 wyverns
  A shadow (D:15)
  30 tarantellas
  5 wraiths
  A spriggan (Lair:4)
  12 water elementals
  2 fire elementals (D:12)
  Eustachio (D:5)
  A human (D:10)
  2 basilisks
  Menkaure (D:4)
  6 wargs
  9 water moccasins
  2 hell hounds (D:12)
  A soldier ant (D:14)
  8 porcupines
  An eye of draining (D:10)
  Duvessa (D:5)
  32 orc warriors
  4 sky beasts
  2 black bears
  A necrophage (D:14)
  3 ice beasts
  5 boggarts (D:14)
  6 ogres
  20 wolves
  16 centaurs
  11 crocodiles
  Blork the orc (D:5)
  7 big kobolds
  2 hippogriff zombies (Shoals:1)
  17 bullfrogs
  A wyvern zombie (D:15)
  A gnoll sergeant (D:11)
  3 scorpions
  Dowan (D:5)
  27 killer bees
  6 wights
  5 howler monkeys
  4 electric eels
  4 crimson imps
  A quasit (D:5)
  6 centaur zombies
  4 centaur skeletons
  42 orc priests
  Ijyb (D:3)
  A bullfrog skeleton (D:12)
  11 hounds
  6 jellies
  24 orc wizards
  Natasha (thrice) (D:2)
  2 iguanas
  11 worker ants
  2 killer bee zombies
  2 big kobold zombies (Ossuary)
  2 mummies (Ossuary)
  Robin (D:4)
  2 worker ant zombies
  13 adders
  8 gnolls
  A howler monkey skeleton (D:6)
  A shadow imp (D:8)
  3 oozes
  An adder skeleton (D:4)
  2 worms
  3 dart slugs
  8 leopard geckos
  104 orcs
  8 bats
  A bat zombie (Shoals:1)
  6 giant cockroaches
  10 hobgoblins
  7 jackals
  8 quokkas
  4 ball pythons
  7 frilled lizards
  12 goblins
  13 hobgoblin zombies (Ossuary)
  4 jackal zombies
  10 kobolds
  8 kobold zombies (Ossuary)
  2 leopard gecko skeletons (D:4)
  6 orc zombies (Ossuary)
  10 rats
  7 tentacles
1117 creatures vanquished.

Vanquished Creatures (others)
  A hydra (Lair:6)
  A merfolk aquamancer (Shoals:4)
  A faun (Shoals:3)
  A jumping spider (Spider:4)
  A dream sheep (Shoals:4)
  A water elemental (Shoals:4)
  A centaur (Shoals:4)
  9 fungi
  15 plants
  19 tentacles
50 creatures vanquished.

Grand Total: 1167 creatures vanquished

Notes
Turn   | Place    | Note
-------+----------+-------------------------------------------
     0 | D:1      | kae the Troll Monk began the quest for the Orb.
     0 | D:1      | Reached XP level 1. HP: 22/22 MP: 0/0
    92 | D:1      | Reached XP level 2. HP: 25/29 MP: 1/1
   371 | D:1      | Reached XP level 3. HP: 35/36 MP: 2/2
   962 | D:2      | Noticed Natasha
   968 | D:2      | Killed Natasha
   968 | D:2      | Reached skill level 4 in Unarmed Combat
   968 | D:2      | Reached XP level 4. HP: 40/44 MP: 3/3
   969 | D:2      | Found a shadowy altar of Dithmenos.
  1015 | D:2      | Noticed Natasha
  1018 | D:2      | Killed Natasha
  1047 | D:2      | Noticed Natasha
  1052 | D:2      | Killed Natasha
  1052 | D:2      | Reached XP level 5. HP: 42/53 MP: 2/4
  1991 | D:3      | Noticed Ijyb
  1998 | D:3      | Killed Ijyb
  1998 | D:3      | Reached skill level 5 in Unarmed Combat
  2031 | D:3      | Found a sparkling altar of Nemelex Xobeh.
  2133 | D:4      | Found a snail-covered altar of Cheibriados.
  2204 | D:4      | Reached XP level 6. HP: 53/61 MP: 5/5
  2298 | D:4      | Found Omozouwu's Magic Scroll Shoppe.
  2305 | D:4      | Bought a scroll of identify for 28 gold pieces
  2305 | D:4      | Bought a scroll of identify for 28 gold pieces
  2358 | D:4      | Found the +2 ratskin cloak {+Rats rPois rN+ Str-1 Int-1 Dex+1}
  2788 | D:4      | Found an ornate altar of the Wu Jian Council.
  2882 | D:4      | Noticed Menkaure
  2892 | D:4      | Killed Menkaure
  3035 | D:4      | Became a worshipper of the Wu Jian Council
  3035 | D:4      | Reached * piety under Wu Jian
  3035 | D:4      | Reached ** piety under Wu Jian
  3137 | D:4      | Noticed Robin
  3152 | D:4      | Killed Robin
  3267 | D:5      | Entered Level 5 of the Dungeon
  3278 | D:5      | Reached skill level 6 in Unarmed Combat
  3283 | D:5      | Reached XP level 7. HP: 56/68 MP: 4/6
  3296 | D:5      | Noticed Blork the orc
  3356 | D:5      | Killed Blork the orc
  3410 | D:5      | Found an opulent altar of Gozag.
  3445 | D:5      | Found a sand-covered staircase.
  3450 | Ossuary  | Entered an ossuary
  3571 | Ossuary  | Reached *** piety under Wu Jian
  3690 | Ossuary  | Reached skill level 7 in Unarmed Combat
  3979 | D:5      | Reached XP level 8. HP: 77/79 MP: 7/7
  4004 | D:5      | Found a staircase to the Ecumenical Temple.
  4020 | D:5      | Noticed Eustachio
  4026 | D:5      | Noticed Dowan
  4029 | D:5      | Killed Eustachio
  4037 | D:5      | Killed Dowan
  4041 | D:5      | Noticed Duvessa
  4047 | D:5      | Killed Duvessa
  4047 | D:5      | Reached **** piety under Wu Jian
  4047 | D:5      | Reached skill level 5 in Fighting
  4047 | D:5      | Reached skill level 5 in Dodging
  4047 | D:5      | Reached skill level 8 in Unarmed Combat
  4099 | D:5      | Found Hachiuw's Armour Boutique.
  4271 | D:5      | Found a white marble altar of Elyvilon.
  4886 | D:6      | Found a burning altar of Makhleb.
  4969 | D:7      | Noticed a hippogriff
  4971 | D:7      | Reached XP level 9. HP: 88/88 MP: 8/8
  4988 | D:7      | Reached skill level 9 in Unarmed Combat
  5074 | D:7      | Noticed Prince Ribbit
  5087 | D:7      | Killed Prince Ribbit
  5275 | D:7      | Found a shimmering altar of Xom.
  5581 | D:7      | Found a glowing silver altar of Zin.
  5929 | D:8      | Found Teasadd's Magic Scroll Shop.
  5930 | D:8      | Noticed a two-headed ogre
  5957 | D:8      | Killed a two-headed ogre
  5957 | D:8      | Reached skill level 10 in Unarmed Combat
  6005 | D:8      | Bought a scroll of identify for 26 gold pieces
  6005 | D:8      | Bought a scroll of identify for 26 gold pieces
  6005 | D:8      | Bought a scroll of identify for 26 gold pieces
  6005 | D:8      | Bought a scroll of identify for 26 gold pieces
  6028 | D:8      | Noticed a two-headed ogre
  6039 | D:8      | Killed a two-headed ogre
  6039 | D:8      | Reached XP level 10. HP: 52/100 MP: 4/9
  6390 | D:8      | Reached skill level 11 in Unarmed Combat
  6392 | D:8      | Reached ***** piety under Wu Jian
  6495 | D:8      | Noticed a two-headed ogre
  6508 | D:8      | Killed a two-headed ogre
  6657 | D:9      | Found a staircase to the Lair.
  6812 | D:9      | Noticed a two-headed hydra
  6940 | D:9      | Found Xuk Yvvye's Distillery.
  6948 | D:9      | Bought a potion of agility for 52 gold pieces
  7010 | D:9      | Noticed darxusza's ghost (journeyman MiBe)
  7044 | D:8      | Reached skill level 12 in Unarmed Combat
  7111 | D:10     | Entered Level 10 of the Dungeon
  7111 | D:10     | Noticed a gargoyle
  7115 | D:10     | Killed a gargoyle
  7175 | D:10     | Reached XP level 11. HP: 91/109 MP: 8/10
  7231 | D:10     | Found a staircase to the Orcish Mines.
  7373 | D:10     | Noticed Psyche
  7427 | D:10     | Killed Psyche
  7472 | D:10     | Found Uxzolev's Gadget Shoppe.
  7726 | D:10     | Killed an unseen horror
  7966 | D:11     | Noticed a six-headed hydra
  8272 | D:9      | Killed darxusza's ghost
  8462 | D:11     | Found Xilikod's Armour Shoppe.
  8708 | D:11     | Reached skill level 13 in Unarmed Combat
  8781 | D:11     | Reached ****** piety under Wu Jian
  9369 | Lair:1   | Entered Level 1 of the Lair of Beasts
  9423 | Lair:1   | Noticed Gastronok
  9431 | Lair:1   | Killed Gastronok
  9764 | Lair:1   | Noticed a five-headed hydra
  9781 | Lair:1   | Killed an eight-headed hydra
  9781 | Lair:1   | Reached XP level 12. HP: 122/122 MP: 11/11
 10174 | Lair:2   | HP: 6/122 [poisoned by a black mamba]
 10176 | Lair:1   | HP: 1/122 [poisoned by a black mamba]
 10423 | Lair:2   | Reached skill level 14 in Unarmed Combat
 10502 | Lair:2   | Found a staircase to the Shoals.
 11291 | Lair:3   | Reached skill level 15 in Unarmed Combat
 11291 | Lair:3   | Reached XP level 13. HP: 132/132 MP: 12/12
 11292 | Lair:3   | Reached XP level 14. HP: 141/141 MP: 13/13
 11421 | Lair:3   | Reached skill level 16 in Unarmed Combat
 12234 | Lair:4   | Found a hole to the Spider Nest.
 12576 | Lair:4   | Reached skill level 10 in Dodging
 12595 | Lair:4   | Reached skill level 10 in Fighting
 14530 | Lair:6   | Entered Level 6 of the Lair of Beasts
 14607 | Lair:6   | Reached XP level 15. HP: 79/152 MP: 4/14
 14853 | Lair:6   | Found a staircase to the Slime Pits.
 14853 | Lair:6   | Found a viscous altar of Jiyva.
 14922 | Lair:6   | Reached skill level 17 in Unarmed Combat
 15016 | Lair:6   | Noticed Josephine
 15026 | Lair:6   | Killed Josephine
 16854 | D:12     | Found a blossoming altar of Fedhas.
 16867 | D:12     | Noticed darxusza's ghost (journeyman MiBe)
 16888 | D:12     | Killed darxusza's ghost
 16888 | D:12     | Reached skill level 18 in Unarmed Combat
 17246 | D:12     | Noticed Azrael
 17249 | D:12     | Killed Azrael
 17607 | D:13     | Found a shattered altar of Ashenzari.
 17952 | D:13     | Found a gate to the Vaults.
 18635 | Orc:1    | Entered Level 1 of the Orcish Mines
 18635 | Orc:1    | Found Govoahy's General Store.
 18638 | Orc:1    | Noticed an orc warlord
 18649 | Orc:1    | HP: 2/154 [orc warlord/great sword of holy wrath (16)]
 18655 | Orc:2    | Entered Level 2 of the Orcish Mines
 18796 | Orc:1    | Killed an orc warlord
 18870 | Orc:1    | Bought a potion of mutation for 128 gold pieces
 19188 | Orc:2    | HP: 4/154 [orc warrior/trident (18)]
 19451 | Orc:1    | Found a burning altar of Makhleb.
 19731 | Orc:2    | Reached XP level 16. HP: 163/163 MP: 15/15
 19863 | Orc:2    | Found a staircase to the Elven Halls.
 19918 | Orc:2    | Found a burning altar of Makhleb.
 20175 | Orc:2    | Gained mutation: You are clumsy. (Dex -2) [a neqoxec]
 20316 | Orc:2    | Paralysed by an orc sorcerer for 6 turns
 20660 | Orc:2    | Found Jeits's Assorted Antiques.
 20660 | Orc:2    | Found Wuuge's Magic Scroll Emporium.
 20664 | Orc:2    | Found Lizeorpho's Magic Scroll Shoppe.
 20677 | Orc:2    | Found Plog's Magic Scroll Shoppe.
 20765 | Orc:2    | Found Gut Tyn's Antique Weapon Shop.
 20873 | Orc:2    | Lost mutation: You are clumsy. (Dex -2) [potion of mutation]
 20873 | Orc:2    | Gained mutation: You have a pair of small antennae on your head. [potion of mutation]
 20873 | Orc:2    | Gained mutation: You are agile. (Dex +2) [potion of mutation]
 22000 | D:14     | Found a portal to a secret trove of treasure.
 22495 | D:15     | Entered Level 15 of the Dungeon
 22499 | D:15     | Paralysed by a wizard for 7 turns
 22509 | D:15     | Reached skill level 1 in Evocations
 22685 | D:15     | Reached skill level 19 in Unarmed Combat
 22936 | D:15     | Found a staircase to the Depths.
 23835 | Spider:1 | Entered Level 1 of the Spider Nest
 24488 | Spider:1 | Noticed Agnes
 24493 | Spider:1 | Killed Agnes
 24514 | Spider:1 | Noticed Frances
 24526 | Spider:1 | Killed Frances
 25787 | Spider:3 | Reached XP level 17. HP: 174/174 MP: 18/18
 26204 | Spider:4 | Entered Level 4 of the Spider Nest
 26281 | Spider:4 | Noticed Arachne
 26458 | Spider:4 | Killed Arachne
 26855 | Spider:4 | Reached skill level 20 in Unarmed Combat
 27126 | Spider:4 | Noticed Nikola
 27137 | Spider:4 | Killed Nikola
 27186 | Spider:4 | Reached skill level 5 in Armour
 27844 | Spider:4 | Reached skill level 5 in Evocations
 27944 | Spider:4 | Got a gossamer rune of Zot
 28301 | Shoals:1 | Entered Level 1 of the Shoals
 29804 | Shoals:2 | Noticed Donald
 29944 | Shoals:2 | Killed Donald
 30785 | Shoals:3 | Reached XP level 18. HP: 96/185 MP: 21/21
 30785 | Shoals:3 | Reached skill level 1 in Shields
 31261 | Shoals:4 | Entered Level 4 of the Shoals
 31262 | Shoals:4 | Noticed Ilsuiw
 31286 | Shoals:4 | Killed Ilsuiw
 32120 | Shoals:4 | Got a scintillating golden ring
 32165 | Shoals:4 | Noticed Roxanne
 32681 | Shoals:4 | Annihilated by a merfolk impaler

Vault maps used:
D:1:      eino_arrival_cavern_b, minmay_pentomino_p4
D:2:      nicolae_overflow_hidden_temple, first_bread, minmay_misc_feat_rows,
          kennysheep_generic_room_9, uniq_natasha
D:3:      marbit_many_paths, uniq_ijyb
D:4:      kennysheep_mini, lemuel_doored_altar, serial_shops, shop,
          minmay_misc_feat_plants, uniq_menkaure, uniq_robin
D:5:      kennysheep_mini_moat, minmay_temple_entry_enclosed_plants,
          enter_ossuary_5, serial_shops, shop, grunt_gozag_breadcrumbs,
          uniq_duvessa, uniq_blork_the_orc, uniq_eustachio
D:6:      bloody_makhleb, minmay_misc_feat_more_columns
D:7:      zin_scriptorium, basic_altar, uniq_prince_ribbit1
D:8:      serial_shops, shop
D:9:      lair_entry_dummy, serial_shops, shop, hangedman_ranch,
          kennysheep_big_empty_room
D:10:     erik_orc_4, serial_shops, shop, uniq_psyche
D:11:     serial_shops, nicolae_shop_competitors_out_of_business
D:12:     fedhas_altar_1, uniq_azrael
D:13:     lightli_vaults_fourway_checkpoint, evilmike_ruin_ashenzari
D:14:     enter_trove_3, serial_park_tiny_1
D:15:     hangedman_depths_entry_try_elsewhere_first, minmay_door_square
Lair:1:   lemuel_another_geyser, grunt_megastairs_3, uniq_gastronok
Lair:2:   minmay_shoals_entry_centaurs, beast_lair_carwin_1
Lair:3:   cheibrodos_lair_caveside_slide
Lair:4:   dummy_spider_entry, forest_entry_grove, grunt_megastairs_1,
          serial_bayou_shore_b
Lair:5:   minmay_lair_oklob_chamber
Lair:6:   evilmike_catoblepas_cave, slime_altar_1, uniq_josephine
Shoals:1: nicolae_shoals_undead_eyrie
Shoals:2: cheibrodos_shoals_roost, uniq_donald
Shoals:3: nicolae_shoals_stone_sculpture_thing
Shoals:4: shoals_end_grunt_ice, shoals_ilsuiw_alternative, uniq_roxanne
Spider:1: uniq_frances, uniq_agnes
Spider:4: spider_rune_water, uniq_nikola, uniq_arachne
Orc:1:    serial_shops, shop, basic_altar
Orc:2:    st_orc_mages, basic_altar, serial_shops, shop
Ossuary:  ossuary_tomb_1

Skill      XL: |  1  2  3  4  5  6  7  8  9 10 11 12 13 14 15 16 17 18 |
---------------+-------------------------------------------------------+-----
Dodging        | 3 4 5 6 7 8 9 10 11 12 13 | 13.2
Unarmed Combat | 4 5 6 7 8 10 12 13 15 16 18 19 20 | 20.9
Fighting       | 3 4 5 6 7 8 9 10 11 12 13 | 13.2
Armour         | 2 4 6 |  6.6
Evocations     | 3 5 6 |  6.0
Shields        | 3 |  3.6
Stealth        | |  1.0

Action                   |  1- 3 |  4- 6 |  7- 9 | 10-12 | 13-15 | 16-18 || total
-------------------------+-------+-------+-------+-------+-------+-------++-------
Melee: Unarmed           |    82 |   199 |   324 |   564 |   931 |  1655 ||  3755
       Punch             |     1 |     4 |    16 |    32 |    92 |   154 ||   299
Invok: Serpent's Lash    |       |       |       |       |     7 |     7 ||    14
       Heavenly Storm    |       |       |       |       |     2 |       ||     2
Evoke: Wand              |       |       |     1 |    23 |     6 |     6 ||    36
  Use: Scroll            |       |    11 |    17 |     7 |     3 |    16 ||    54
       Potion            |       |     1 |       |     3 |     1 |     7 ||    12
 Stab: Sleeping          |       |     2 |     2 |     5 |     8 |     5 ||    22
       Distracted        |       |     1 |       |     2 |       |     2 ||     5
       Invisible         |       |       |       |       |       |     6 ||     6
       Held in net/web   |       |       |       |       |       |     1 ||     1
  Eat: Chunk             |    14 |    19 |    28 |    41 |    80 |   117 ||   299
       Bread ration      |       |       |       |     1 |       |     1 ||     2
       Royal jelly       |       |       |       |       |       |     2 ||     2
       Fruit             |       |       |       |       |       |     2 ||     2
Armor: Robe              |    29 |    54 |    55 |   112 |   137 |   130 ||   517
       Troll leather arm |       |       |       |       |       |   319 ||   319
Dodge: Dodged            |    29 |   120 |   161 |   284 |   496 |  1129 ||  2219
Block: Shield            |       |       |       |       |       |   144 ||   144
       Reflection        |       |       |       |       |       |    26 ||    26

Table legend:
 A = Spawn XP
 B = Non-spawn XP
 C = Spawn XP percentage of total XP
 D = Spawn monster count
 E = Non-spawn monster count
 F = Spawn count percentage of total count
 G = Total turns spent on level
                    A         B        C        D         E        F      G
               +---------+---------+-------+---------+---------+-------+---------
         Total |       0 |  277098 |   0.0 |       0 |    1115 |   0.0 | 32681
               +---------+---------+-------+---------+---------+-------+---------
           D:1 |       0 |      53 |   0.0 |       0 |      27 |   0.0 |   761
           D:2 |       0 |     172 |   0.0 |       0 |      26 |   0.0 |   846
           D:3 |       0 |     113 |   0.0 |       0 |      27 |   0.0 |   480
           D:4 |       0 |     328 |   0.0 |       0 |      26 |   0.0 |  1263
           D:5 |       0 |    1314 |   0.0 |       0 |      31 |   0.0 |   813
           D:6 |       0 |     508 |   0.0 |       0 |      12 |   0.0 |   572
           D:7 |       0 |    1061 |   0.0 |       0 |      18 |   0.0 |   764
           D:8 |       0 |    4329 |   0.0 |       0 |      40 |   0.0 |  1103
           D:9 |       0 |    4055 |   0.0 |       0 |      26 |   0.0 |   955
          D:10 |       0 |    3879 |   0.0 |       0 |      41 |   0.0 |   901
          D:11 |       0 |    1837 |   0.0 |       0 |      27 |   0.0 |  1440
          D:12 |       0 |    8837 |   0.0 |       0 |      41 |   0.0 |  1024
          D:13 |       0 |   10508 |   0.0 |       0 |      31 |   0.0 |  1108
          D:14 |       0 |    4398 |   0.0 |       0 |      26 |   0.0 |   896
          D:15 |       0 |   15013 |   0.0 |       0 |      47 |   0.0 |  1078
        Lair:1 |       0 |    5720 |   0.0 |       0 |      16 |   0.0 |  1032
        Lair:2 |       0 |    7013 |   0.0 |       0 |      38 |   0.0 |  1171
        Lair:3 |       0 |    2957 |   0.0 |       0 |      14 |   0.0 |   934
        Lair:4 |       0 |    9054 |   0.0 |       0 |      35 |   0.0 |  1399
        Lair:5 |       0 |   11011 |   0.0 |       0 |      54 |   0.0 |  1390
        Lair:6 |       0 |   24024 |   0.0 |       0 |      56 |   0.0 |  1709
      Shoals:1 |       0 |   11156 |   0.0 |       0 |      26 |   0.0 |  1223
      Shoals:2 |       0 |   10083 |   0.0 |       0 |      17 |   0.0 |  1027
      Shoals:3 |       0 |   15442 |   0.0 |       0 |      27 |   0.0 |  1030
      Shoals:4 |       0 |   29797 |   0.0 |       0 |      56 |   0.0 |  1093
      Spider:1 |       0 |   18104 |   0.0 |       0 |      40 |   0.0 |  1038
      Spider:2 |       0 |   10706 |   0.0 |       0 |      30 |   0.0 |   601
      Spider:3 |       0 |    8208 |   0.0 |       0 |      22 |   0.0 |   707
      Spider:4 |       0 |   42331 |   0.0 |       0 |      78 |   0.0 |  1690
         Orc:1 |       0 |    4338 |   0.0 |       0 |      43 |   0.0 |   734
         Orc:2 |       0 |   10494 |   0.0 |       0 |      80 |   0.0 |  1578
       Ossuary |       0 |     255 |   0.0 |       0 |      37 |   0.0 |   321
               +---------+---------+-------+---------+---------+-------+---------
